 Dungeon Crawl Stone Soup version 0.31.0-12-g77e489cdc1 (webtiles) character file.

Game seed: 6838159904439956497

485 Doomgape the Trooper (level 7, -12/54 HPs)
             Began as a Djinni Cinder Acolyte on Feb 11, 2024.
             Was a High Priest of Ignis.
             Killed from afar by Dowan (21 damage)
             ... with a shard of ice
             ... on level 3 of the Dungeon.
             The game lasted 00:13:04 (3240 turns).

Doomgape the Trooper (Djinni Cinder Acolyte)        Turns: 3240, Time: 00:13:05

Health: -12/54     AC:  2    Str: 13    XL:     7   Next: 35%
Gold:   137        EV: 11    Int: 18    God:    Ignis [*****.] SH:  0 Dex:  8

rFire   + + +        a - +1 falchion (flame)
rCold   x . .        (no shield)
rNeg    . . .        b - +0 robe
rPois   ∞            (no helmet)
rElec   .            (no cloak)
rCorr   .            (no gloves)
SInv    .            (boots unavailable)
Will    .....        (no amulet)
Stlth   +            (no ring)
HPRegen 0.29/turn    (no ring)
MPRegen 0.00/turn

%: infuse magic (-13 HP)
@: flying
A: sickness immunity, fire resistance 2, cold vulnerability 1, float, innate
caster, HP casting, extra vitality 1
a: Renounce Religion, Fiery Armour, Foxfire Swarm, Rising Flame


You were on level 3 of the Dungeon.
You worshipped Ignis.
Ignis was extremely pleased with you.
You visited 1 branch of the dungeon, and saw 4 of its levels.

You collected 137 gold pieces.

Inventory:

Hand Weapons
 a - a +1 falchion of flaming (weapon)
Armour
 b - a +0 robe (worn)
Potions
 c - a potion of cancellation {unknown}
 d - a potion of curing
 f - a potion of haste {unknown}


   Skills:
 + Level 5.1 Fighting
 + Level 4.6 Long Blades
 + Level 4.0 Spellcasting
 + Level 4.0 Conjurations
 + Level 4.0 Hexes
   Level 0.0 Charms
 + Level 4.0 Summonings
 + Level 4.0 Necromancy
 + Level 4.0 Translocations
   Level 0.0 Transmutations
 + Level 4.0 Fire Magic
 + Level 4.0 Ice Magic
 + Level 4.0 Air Magic
 + Level 4.0 Earth Magic
 + Level 4.0 Alchemy


You knew the following spells:

 Your Spells              Type           Power      Damage    Failure   Level
a - Scorch                Fire           36%        2d6       4%          2
b - Kiss of Death         Conj/Necr      72%        2d10      2%          1
c - Lesser Beckoning      Tloc           36%        N/A       4%          2
d - Volatile Blastmotes   Fire/Tloc      36%        2d13      9%          3
Your spell library was empty.

Dungeon Overview and Level Annotations

Branches:
Dungeon (4/15)
 Temple: D:4-7

Altars:
Elyvilon
Nemelex Xobeh

Annotations:
D:3 Dowan


Innate Abilities, Weirdness & Mutations

You are immune to sickness and miasma.
You are immune to poison.
Your flesh is very heat resistant. (rF++)
You are vulnerable to cold. (rC-)
You float through the air rather than walking.
You learn spells naturally, not from books.
Your magical power is your life essence.
You have superior vitality. (+4 MHP)


Message History

Your Spellcasting skill increases to level 4!
Your Conjurations skill increases to level 4!
Your Hexes skill increases to level 4!
Your Summonings skill increases to level 4!
Your Necromancy skill increases to level 4!
Your Translocations skill increases to level 4!
Your Fire Magic skill increases to level 4!
Your Ice Magic skill increases to level 4!
Your Air Magic skill increases to level 4!
Your Earth Magic skill increases to level 4!
Your Alchemy skill increases to level 4!
Unknown command.
Unknown command.
Your foxfire dissipates! x3
Unknown command.
Unknown command.
Unknown command.
There is a stone staircase leading up here.
Unknown command.
Unknown command.
You start resting.
Dowan is nearby!
Casting: Scorch (safe; 4% risk of failure)
Confirm with . or Enter, or press ? or * to list all spells.
Flames lash Dowan.
Dowan is moderately wounded.
Dowan's fire resistance burns away.
* * * LOW HITPOINT WARNING * * *
Dowan hits you with a +3 dagger of venom.
* * * LOW HITPOINT WARNING * * *
Dowan hits you with a +3 dagger of venom.
* * * LOW HITPOINT WARNING * * *
You fly upwards.
There is a stone staircase leading down here.
Unknown command.
You aren't carrying any scrolls.
You aren't carrying any scrolls.
Dowan points at you and mumbles some strange words.
The shard of ice hits you!!
You feel a painful chill!
You die...

P##.# #...## #####...####.#
.##.# #.#..### #######.###
#.. P##.#
###.##...###.....#.# ##.
.##.# #...####...........#
###. P##.# #.###
#####.....### #... ....#
#.######## #.....# ##.##
.#### #....#...###.....#
#.... ## ##.......e>###..###
##.#.# #........[.@##...#
#....#
#...........##.#.######...##
##..................)....####
#........................# #
#.##...#...###.####...#..####
#.########## #.......###.....
#####.### ###..####.# ####..
........# ####...##
#.######.. ........# #....#.#
#.........


You could see Dowan (fast, combustible).

Vanquished Creatures
  Sigmund (D:3)
  Duvessa (D:4)
  An ogre (D:3)
  A scorpion (D:3)
  3 adders
  2 dart slugs
  2 ribbon worms (D:2)
  2 ball pythons
  A bat (D:1)
  4 endoplasms
  2 giant cockroaches
  2 goblins
  8 hobgoblins
  3 quokkas
  3 frilled lizards
  4 kobolds
  6 rats
46 creatures vanquished.

Vanquished Creatures (others)
  6 foxfires (D:4)
6 creatures vanquished.

Grand Total: 52 creatures vanquished

Notes
Turn   | Place    | Note
-------+----------+-------------------------------------------
     0 | D:1      | Doomgape the Djinni Cinder Acolyte began the quest for the
                  | Orb.
     0 | D:1      | Doomgape set off with the following spells memorised:
                  | Scorch.
     0 | D:1      | Reached XP level 1. HP: 20/20 MP: 0/0
   212 | D:1      | Found a faded altar of an unknown god.
   310 | D:1      | Reached XP level 2. HP: 22/25 MP: 0/0
   344 | D:1      | HP: 1/25 [rat (1)]
   956 | D:2      | Found a sparkling altar of Nemelex Xobeh.
  1048 | D:2      | Reached XP level 3. HP: 28/30 MP: 0/0
  1048 | D:2      | Learned a level 1 spell: Kiss of Death
  1635 | D:2      | Reached XP level 4. HP: 28/36 MP: 0/0
  2169 | D:3      | Found a white marble altar of Elyvilon.
  2500 | D:4      | Noticed Sigmund
  2504 | D:4      | Noticed an ogre
  2504 | D:4      | Noticed Duvessa
  2504 | D:4      | Noticed Dowan
  2510 | D:4      | Noticed a scorpion
  2591 | D:3      | Killed a scorpion
  2592 | D:3      | Reached skill level 4 in Fighting
  2592 | D:3      | Reached XP level 5. HP: 14/41 MP: 0/0
  2592 | D:3      | Learned a level 2 spell: Lesser Beckoning
  2722 | D:3      | Killed Sigmund
  2723 | D:3      | Reached XP level 6. HP: 25/48 MP: 0/0
  3034 | D:3      | Killed an ogre
  3035 | D:3      | Reached XP level 7. HP: 25/53 MP: 0/0
  3035 | D:3      | Learned a level 3 spell: Volatile Blastmotes
  3232 | D:4      | Killed Duvessa
  3233 | D:4      | Reached skill level 5 in Fighting
  3240 | D:3      | Killed from afar by Dowan

Illustrated notes

Levels and vault maps discovered:
D:1:      lightli_arrival_quake, layout_loops_ring, basic_ecumenical_altar
D:2:      layout_basic, basic_altar, minmay_tetromino_t2
D:3:      layout_rooms, mainiacjoe_overflow_cross_hatched,
          nicolae_elyvilon_temple_path
D:4:      layout_cave_pools, grunt_qazlal_sundering,
          mainiacjoe_overflow_six_doors_small, minmay_temple_entry_mist,
          serial_bayou, serial_bayou_crossing, serial_bayou_pond_d,
          serial_bayou_pond_d, serial_bayou_shore_b, minmay_misc_feat_hallway,
          uniq_duvessa, uniq_menkaure, uniq_sigmund

Skill      XL: |  1  2  3  4  5  6  7 |
---------------+----------------------+-----
Long Blades    | 3 4 |  4.6
Spellcasting   | 3 4 |  4.0
Conjurations   | 3 4 |  4.0
Hexes          | 3 4 |  4.0
Summonings     | 3 4 |  4.0
Necromancy     | 3 4 |  4.0
Translocations | 3 4 |  4.0
Fire Magic     | 3 4 |  4.0
Ice Magic      | 3 4 |  4.0
Air Magic      | 3 4 |  4.0
Earth Magic    | 3 4 |  4.0
Alchemy        | 3 4 |  4.0
Fighting       | 4 5 |  5.1

Action                     |  1- 3 |  4- 6 |  7- 9 || total
---------------------------+-------+-------+-------++-------
  Melee: Falchion          |    71 |    37 |       ||   108
         Punch             |     1 |     2 |       ||     3
   Cast: Scorch            |    18 |    22 |     6 ||    46
         Kiss of Death     |     1 |       |       ||     1
         Volatile Blastmot |       |       |     2 ||     2
 Invoke: Foxfire Swarm     |       |       |     1 ||     1
    Use: Scroll            |     3 |     3 |       ||     6
         Potion            |       |     1 |       ||     1
 Armour: Robe              |    50 |    31 |     9 ||    90
  Dodge: Dodged            |    61 |    32 |     7 ||   100
